 Dungeon Crawl Stone Soup version 0.17.1-3-g152610e (webtiles) character file.

124261 Goblin1989 the Earth Mage (level 16, 0/100 HPs)
             Began as a Gargoyle Earth Elementalist on Mar 13, 2016.
             Was the Champion of Vehumet.
             Slain by Agnes
             ... wielding a +2 lajatang of protection
              (10 damage)
             ... on level 15 of the Dungeon on Mar 21, 2016.
             The game lasted 05:23:15 (46798 turns).

Goblin1989 the Earth Mage (GrEE)                   Turns: 46798, Time: 05:23:15

Health: 0/100      AC: 28    Str: 15    XL:     16   Next: 92%
Magic:  5/30       EV: 13    Int: 22    God:    Vehumet [******]
Gold:   2205       SH:  0    Dex: 10    Spells: 8 memorised, 4 levels left

rFire  + . .     SeeInvis .     b - staff of earth
rCold  . . .     Clarity  +     I - +2 troll leather armour
rNeg   + . .     SustAt   .     (no shield)
rPois  ∞         Gourm    .     h - +1 hat {MR+}
rElec  +         Spirit   .     C - +0 cloak of the Eight Blessings {Str+2}
rCorr  .         Warding  .     e - +0 pair of gloves
rMut   .         Stasis   .     W - +0 pair of boots
MR     ++...                    R - amulet of clarity
Stlth  ++........               L - ring of wizardry
                                m - ring of protection from fire

@: stone skin, flying, very resistant to hostile enchantments, unstealthy
A: big wings, negative energy resistance 1, electricity resistance, unbreathing,
petrification resistance, rot immunity, AC +11
a: Stop Flying, Renounce Religion


You were on level 15 of the Dungeon.
You worshipped Vehumet.
Vehumet was exalted by your worship.
You were not hungry.

You visited 6 branches of the dungeon, and saw 30 of its levels.

You collected 2907 gold pieces.
You spent 702 gold pieces at shops.

Inventory:

Hand Weapons
 a - a +3 dire flail of freezing
 S - a +5 great mace of crushing
Missiles
 g - 9 throwing nets (quivered)
 H - 553 stones
Armour
 e - a +0 pair of gloves (worn)
 h - a +1 hat of magic resistance (worn)
 t - a +1 leather armour of cold resistance
 C - the +0 cloak of the Eight Blessings (worn) {Str+2}
   (You found it on level 7 of the Dungeon)

   It affects your strength (+2).
 I - a +2 troll leather armour (worn)
 W - a +0 pair of boots (worn)
Magical Staves
 b - an uncursed staff of earth (weapon)
Jewellery
 m - a ring of protection from fire (left hand)
 n - an uncursed ring of see invisible
 y - an uncursed ring of ice
 A - an uncursed ring of positive energy
 K - an uncursed ring of fire
 L - a ring of wizardry (right hand)
 N - a +5 ring of strength
 R - an amulet of clarity (around neck)
 X - the amulet of Tuferojoo {Ward rF+ rN+ Dex+3}
   (You found it on level 7 of the Lair of Beasts)

   [amulet of warding]

   It may prevent the melee attacks of summoned creatures.
   It affects your dexterity (+3).
   It protects you from fire.
   It protects you from negative energy.
Wands
 q - a wand of digging (11)
 Z - a wand of disintegration (10)
Scrolls
 c - a scroll of vulnerability {unknown}
 j - 4 scrolls of remove curse
 k - a scroll of fear {unknown}
 l - 3 scrolls of magic mapping
 p - a scroll of fog
 v - 3 scrolls of amnesia
 x - 4 scrolls of immolation
 B - 2 scrolls of silence
 E - 3 scrolls of blinking
 F - a scroll of identify
 J - 4 scrolls of recharging
 Y - 2 scrolls of enchant armour
Potions
 f - 2 potions of ambrosia
 i - 6 potions of curing
 o - 3 potions of cancellation
 s - 2 potions of magic
 w - 4 potions of heal wounds
 z - 2 potions of haste
 D - a potion of resistance
 G - 5 potions of might
 M - a potion of agility
 T - 3 potions of brilliance
 U - a potion of berserk rage
Comestibles
 d - 11 bread rations
 r - 23 beef jerkies
 u - 11 meat rations
 Q - 14 royal jellies


   Skills:
 - Level 11.4 Fighting
   Level 0.3(7.1) Axes
 - Level 12.1 Maces & Flails
 - Level 7.1 Armour
 - Level 5.3 Dodging
 - Level 2.1 Stealth
 + Level 10.2 Spellcasting
 * Level 11.7 Conjurations
 - Level 6.0 Transmutations
 - Level 8.1 Fire Magic
 + Level 17.6 Earth Magic


You had 4 spell levels left.
You knew the following spells:

 Your Spells              Type           Power        Failure   Level  Hunger
a - Sandblast             Erth           ######       0%          1    None
b - Stone Arrow           Conj/Erth      ######       1%          3    None
c - Passwall              Trmt/Erth      #######...   1%          3    None
d - Lee's Rapid Deconstr  Erth           #######...   1%          5    ####...
e - Petrify               Trmt/Erth      #######.     1%          4    ##.....
f - Stoneskin             Trmt/Erth      #######.     1%          2    None
g - Bolt of Magma         Conj/Fire/Erth #######...   1%          5    ####...
h - Lehudib's Crystal Sp  Conj/Erth      #######...   24%         8    #######


Dungeon Overview and Level Annotations

Branches:
Dungeon (15/15)            Temple (1/1) D:5            Lair (8/8) D:9
 Shoals (1/4) Lair:6       Spider (1/4) Lair:4        Slime (0/6) Lair:7
    Orc (4/4) D:10            Elf (0/3) Orc:4        Vaults (0/5) D:13
 Depths: D:15

Altars:
Ashenzari
Cheibriados
Dithmenos
Elyvilon
Fedhas
Gozag
Kikubaaqudgha
Makhleb
Nemelex Xobeh
Okawaru
Qazlal
Ru
Sif Muna
Trog
Vehumet
Xom
Yredelemnul
Zin
The Shining One
Beogh
Jiyva

Shops:
D:4 }   D:11 !   Orc:1 (   Orc:4 ([!*

Annotations:
D:3 BlackMage's ghost, amateur HuFi
D:4 Goblin1989's ghost, amateur CeHu
D:6 Shufflesack's ghost, novice HaAs
D:14 kaze's ghost, journeyman GrBe
D:15 Agnes
Lair:3 Maud


Innate Abilities, Weirdness & Mutations

You are resistant to torment.
Your stone body is resilient (AC +11).
You are immune to poison.
Your large and strong wings let you fly indefinitely.
You resist negative energy.
You are resistant to electric shocks.
You can survive without breathing.
You are immune to petrification.
You are immune to rotting.


Message History

Agnes hits you with a lajatang of protection!!
Casting: Stone Arrow
Confirm with . or Enter, or press ? or * to list all spells.
Which direction?
You feel a surge of power!
Agnes hits you with a lajatang of protection.
Agnes hits you but does no damage.
You begin to meditate on the wall.
You continue meditating on the rock.
Agnes hits you but does no damage.
You continue meditating on the rock.
Agnes says, "You dishonour your ancestors."
Agnes misses you.
Agnes hits you with a lajatang of protection!
* * * LOW HITPOINT WARNING * * *
You continue meditating on the rock.
Agnes hits you with a lajatang of protection!
* * * LOW HITPOINT WARNING * * *
You continue meditating on the rock.
Agnes hits you with a lajatang of protection!
You die...

#################################
.........(§.§§Ri@............<†..
##...(%(§......####..............
##...#(§.......# #..#####.......
.....#§........####..#####..####.
.....§...........................
...§§..#######################...
..§....# #... ..§....# #...
.......# #...


You could see Agnes and an efreet.

Vanquished Creatures
  Rupert (D:12)
  Frances (D:12)
  Donald (Shoals:1)
  A vault guard (D:13)
  8 hydras
  Harold (Lair:3)
  Erolcha (D:12)
  A centaur warrior (D:15)
  4 ogre magi (Orc:4)
  8 death yaks
  The ghost of kaze the Blocker, a journeyman GrFi (D:12)
  A tengu warrior (D:14)
  An orc high priest (Orc:2)
  Nergalle (Lair:3)
  A sea snake (Shoals:1)
  2 wizards
  6 hill giants
  3 necromancers (D:13)
  3 orc knights
  2 wolf spiders
  12 ugly things
  2 manticores
  5 griffons
  A hornet (Lair:8)
  A water nymph (Shoals:1)
  A cyclops (D:11)
  2 orc sorcerers
  Maurice (Orc:4)
  23 elephants
  2 sirens (Shoals:1)
  2 torpor snails
  12 black mambas
  Psyche (D:10)
  11 komodo dragons
  3 centaur skeletons
  18 spiny frogs
  2 gargoyles
  A queen bee (Lair:2)
  14 two-headed ogres
  3 fire drakes
  2 merfolk (Shoals:1)
  15 polar bears
  7 trolls
  2 raiju (Lair:8)
  Grinder (D:3)
  2 snapping turtles
  2 boulder beetles
  19 blink frogs
  4 slime creatures (D:14)
  3 shadows
  A spriggan (D:7)
  8 redbacks
  2 wyverns
  2 basilisks
  A wraith (D:13)
  55 yaks
  24 wolves
  A fire elemental (Lair:7)
  Grum (D:8)
  12 hippogriffs
  3 hungry ghosts
  Menkaure (D:6)
  4 vampire mosquitoes (D:13)
  11 wargs
  Edmund (D:6)
  28 water moccasins
  4 hell hounds (Lair:8)
  19 humans (D:13)
  A swamp drake (D:10)
  Duvessa (D:4)
  18 orc warriors
  5 spiders (Lair:8)
  21 porcupines
  3 necrophages
  5 sky beasts
  40 ogres
  A phantom (D:9)
  18 black bears
  20 crocodiles
  3 wasps (Lair:8)
  4 ice beasts
  6 centaurs
  Blork the orc (D:6)
  A brain worm (Lair:6)
  2 big kobolds
  34 giant frogs
  Dowan (D:4)
  7 scorpions
  9 wights
  29 killer bees
  2 vampire bats (Lair:8)
  6 crimson imps
  2 centaur zombies
  21 hounds
  A lava snake (Lair:7)
  6 jellies
  23 orc wizards
  Ijyb (D:3)
  A giant frog skeleton (D:12)
  A gnoll shaman (D:8)
  25 orc priests
  17 worker ants
  13 iguanas
  25 sheep
  A hound zombie (D:10)
  A hound skeleton (D:7)
  19 adders
  9 gnolls
  57 river rats
  2 shadow imps
  An ooze (D:4)
  2 adder zombies
  5 worms
  10 giant geckos
  195 orcs
  3 ball pythons
  12 bats
  7 giant cockroaches
  5 goblins
  21 hobgoblins
  17 jackals
  29 kobolds
  7 giant newts
  A jackal skeleton (D:3)
  6 quokkas
  17 rats
  A bush (D:2)
  A fungus (Lair:5)
  3 plants (Lair:5)
1206 creatures vanquished.

Vanquished Creatures (others)
  Fannar (D:10)
  2 wolves (Lair:5)
  A warg (Lair:8)
  A water moccasin (Lair:5)
  A giant frog skeleton (D:13)
  A bush (Lair:8)
  96 fungi
  89 plants
192 creatures vanquished.

Grand Total: 1398 creatures vanquished

Notes
Turn   | Place    | Note
--------------------------------------------------------------
     0 | D:1      | Goblin1989 the Gargoyle Earth Elementalist began the quest for the Orb.
     0 | D:1      | Reached XP level 1. HP: 10/10 MP: 3/3
   149 | D:1      | Reached skill level 4 in Earth Magic
   206 | D:1      | Reached XP level 2. HP: 15/15 MP: 5/5
   595 | D:1      | Reached XP level 3. HP: 19/19 MP: 0/6
  1001 | D:1      | Reached skill level 5 in Earth Magic
  1225 | D:2      | Reached XP level 4. HP: 24/24 MP: 4/7
  1908 | D:2      | Learned a level 3 spell: Stone Arrow
  1912 | D:2      | Learned a level 3 spell: Passwall
  2264 | D:2      | Reached skill level 1 in Maces & Flails
  2343 | D:2      | Reached XP level 5. HP: 28/28 MP: 5/9
  2393 | D:3      | Noticed Grinder
  2571 | D:2      | Reached skill level 1 in Conjurations
  2986 | D:3      | Noticed BlackMage's ghost (amateur HuFi)
  3295 | D:4      | Noticed an ogre
  3326 | D:4      | Killed an ogre
  3326 | D:4      | Reached skill level 1 in Fighting
  3326 | D:4      | Reached XP level 6. HP: 32/34 MP: 4/11
  3698 | D:4      | Reached skill level 6 in Earth Magic
  3821 | D:4      | Reached XP level 7. HP: 33/40 MP: 12/12
  4014 | D:4      | Noticed Duvessa
  4014 | D:4      | Noticed Dowan
  4036 | D:4      | Learned a level 5 spell: Lee's Rapid Deconstruction
  4381 | D:4      | Noticed Goblin1989's ghost (amateur CeHu)
  4784 | D:5      | Entered Level 5 of the Dungeon
  4797 | D:5      | Got a slimy war axe
  4798 | D:5      | Identified the +8 war axe "Cesopexyx" {flame, rPois rF+ rN+++ MP-9} (You found it on level 5 of the Dungeon)
  4808 | D:5      | Found a staircase to the Ecumenical Temple.
  4824 | Temple   | Entered the Ecumenical Temple
  4878 | Temple   | Became a worshipper of Vehumet
  5424 | D:5      | Found a bloodstained altar of Trog.
  5458 | D:5      | Found a deep blue altar of Sif Muna.
  5462 | D:5      | Reached skill level 7 in Earth Magic
  6290 | D:6      | Reached skill level 1 in Armour
  6399 | D:6      | Noticed a troll
  6618 | D:6      | Reached XP level 8. HP: 44/44 MP: 14/14
  6638 | D:6      | Noticed Edmund
  6779 | D:6      | Killed Edmund
  6860 | D:6      | Noticed Blork the orc
  6879 | D:6      | Killed Blork the orc
  6987 | D:6      | Noticed Menkaure
  6993 | D:6      | Killed Menkaure
  7084 | D:6      | Noticed Shufflesack's ghost (novice HaAs)
  7326 | D:4      | Killed Duvessa
  7341 | D:4      | Killed Dowan
  7495 | D:4      | Found Vouseam's Gadget Shop.
  7565 | D:4      | Noticed a black bear
  7568 | D:4      | Killed a black bear
  7623 | D:3      | Noticed Ijyb
  7775 | D:3      | Killed Ijyb
  7775 | D:3      | Reached XP level 9. HP: 52/52 MP: 16/16
  7848 | D:3      | Paralysed by Grinder for 2 turns
  7857 | D:3      | Killed Grinder
  7857 | D:3      | Reached * piety under Vehumet
  7857 | D:3      | Offered knowledge of Flame Tongue by Vehumet.
  7857 | D:3      | Reached skill level 5 in Maces & Flails
  7857 | D:3      | Reached skill level 8 in Earth Magic
  8003 | D:5      | Learned a level 4 spell: Petrify
  8102 | D:7      | Reached skill level 5 in Spellcasting
  8102 | D:7      | Reached skill level 1 in Transmutations
  8552 | D:7      | Got a scorched cloak
  8563 | D:7      | Identified the +0 cloak of the Eight Blessings {Str+2} (You found it on level 7 of the Dungeon)
  9533 | D:6      | Reached skill level 5 in Fighting
  9867 | D:8      | Found a shattered altar of Ashenzari.
  9893 | D:8      | Reached XP level 10. HP: 54/59 MP: 18/18
  9932 | D:8      | Reached ** piety under Vehumet
  9932 | D:8      | Offered knowledge of Shock by Vehumet.
 10267 | D:8      | Noticed Grum
 10370 | D:8      | Killed Grum
 10370 | D:8      | Reached skill level 9 in Earth Magic
 10628 | D:8      | Reached skill level 5 in Armour
 11470 | D:9      | Found a staircase to the Lair.
 12084 | D:9      | Reached skill level 10 in Earth Magic
 12344 | D:9      | Reached XP level 11. HP: 64/64 MP: 10/20
 12440 | D:9      | Found a radiant altar of Vehumet.
 12481 | D:9      | Offered knowledge of Ignite Poison by Vehumet.
 13006 | D:10     | Entered Level 10 of the Dungeon
 13374 | D:10     | Noticed Fannar
 13382 | D:10     | Learned a level 2 spell: Stoneskin
 13410 | D:10     | Killed Fannar
 13651 | D:10     | Reached *** piety under Vehumet
 13929 | D:10     | Found a staircase to the Orcish Mines.
 14246 | D:10     | Noticed Psyche
 14254 | D:10     | Reached skill level 11 in Earth Magic
 14267 | D:10     | Paralysed by something for 4 turns
 14274 | D:10     | Killed Psyche
 14301 | D:10     | Noticed a hill giant
 14489 | D:11     | Offered knowledge of Inner Flame by Vehumet.
 14574 | D:11     | Noticed a hill giant
 14681 | Lair:1   | Entered Level 1 of the Lair of Beasts
 14749 | D:9      | Reached skill level 10 in Maces & Flails
 15659 | Lair:1   | Reached XP level 12. HP: 70/70 MP: 13/21
 15695 | Lair:1   | Reached skill level 5 in Dodging
 15879 | D:9      | Reached **** piety under Vehumet
 16237 | Lair:1   | Offered knowledge of Lightning Bolt by Vehumet.
 17532 | Lair:1   | Reached skill level 12 in Earth Magic
 18160 | Lair:2   | Reached ***** piety under Vehumet
 18160 | Lair:2   | Offered knowledge of Throw Icicle by Vehumet.
 19386 | Lair:3   | Noticed Harold
 19404 | Lair:3   | Killed Harold
 19524 | Lair:3   | Reached XP level 13. HP: 76/76 MP: 13/24
 20341 | Lair:3   | Noticed Nergalle
 20358 | Lair:3   | Killed Nergalle
 20534 | Lair:3   | Noticed Maud
 21263 | Lair:4   | Found a hole to the Spider Nest.
 21731 | Lair:4   | Reached skill level 13 in Earth Magic
 21921 | Lair:4   | Reached skill level 5 in Transmutations
 22962 | Lair:5   | Offered knowledge of Bolt of Magma by Vehumet.
 23603 | Lair:5   | Found a basalt altar of Yredelemnul.
 24417 | Lair:5   | Reached skill level 14 in Earth Magic
 25634 | Lair:5   | Gained mutation: Your large and strong wings let you fly indefinitely. [Gargoyle growth]
 25634 | Lair:5   | Reached XP level 14. HP: 84/84 MP: 19/27
 26154 | Lair:5   | Learned a level 5 spell: Bolt of Magma
 26237 | Lair:5   | Reached skill level 5 in Conjurations
 26388 | Lair:6   | Reached skill level 1 in Fire Magic
 27925 | Lair:6   | Found a staircase to the Shoals.
 28488 | Lair:7   | Reached skill level 15 in Earth Magic
 29030 | Lair:7   | Offered knowledge of Fireball by Vehumet.
 29328 | Lair:7   | Got a scorched sapphire amulet
 29656 | Lair:7   | Found a staircase to the Slime Pits.
 29657 | Lair:7   | Found a viscous altar of Jiyva.
 30278 | D:11     | Noticed a hill giant
 30278 | D:10     | Noticed a hill giant
 30386 | D:9      | Killed a hill giant
 30537 | D:10     | Killed a hill giant
 30692 | Orc:1    | Entered Level 1 of the Orcish Mines
 31483 | Orc:1    | Found Kiupeeleu's Weapon Boutique.
 31998 | Orc:3    | Offered knowledge of Conjure Ball Lightning by Vehumet.
 32823 | Orc:1    | Reached skill level 5 in Fire Magic
 33510 | Orc:3    | Identified the amulet of Tuferojoo {Ward rF+ rN+ Dex+3} (You found it on level 7 of the Lair of Beasts)
 33524 | Orc:4    | Entered Level 4 of the Orcish Mines
 33581 | Orc:4    | Noticed Maurice
 33585 | Orc:4    | Killed Maurice
 33585 | Orc:4    | Reached skill level 10 in Fighting
 33991 | Orc:4    | Reached ****** piety under Vehumet
 34336 | Orc:4    | Reached XP level 15. HP: 92/92 MP: 10/28
 34383 | Orc:4    | Offered knowledge of Poisonous Cloud by Vehumet.
 35356 | Orc:4    | Found Sez Wiecs's Distillery.
 35356 | Orc:4    | Found Deqeneuni's Assorted Antiques.
 35606 | Orc:4    | Found Vikhlyle's Weapon Emporium.
 35606 | Orc:4    | Found Waufoebb's Armour Shop.
 35776 | Orc:4    | Bought a hardcover book for 390 gold pieces
 35776 | Orc:4    | Bought a dented lapis lazuli amulet for 130 gold pieces
 35776 | Orc:4    | Bought a moonstone ring for 130 gold pieces
 35776 | Orc:4    | Bought a scroll of identify for 52 gold pieces
 35831 | Orc:4    | Found a roughly hewn altar of Beogh.
 35831 | Orc:4    | Found a staircase to the Elven Halls.
 36326 | D:11     | Killed a hill giant
 36482 | D:11     | Found Lalygh's Distillery.
 37082 | D:11     | Offered knowledge of Freezing Cloud by Vehumet.
 37132 | D:12     | Noticed Erolcha
 37236 | D:12     | Noticed Frances
 37247 | D:12     | Killed Frances
 37247 | D:12     | Reached skill level 16 in Earth Magic
 37413 | D:12     | Killed Erolcha
 37530 | D:12     | Noticed kaze's ghost (journeyman GrFi)
 37539 | D:12     | Killed kaze's ghost
 37725 | D:12     | Noticed Rupert
 38039 | Spider:1 | Entered Level 1 of the Spider Nest
 38270 | Shoals:1 | Entered Level 1 of the Shoals
 38361 | Shoals:1 | Noticed Donald
 38381 | Shoals:1 | Killed Donald
 38695 | Shoals:1 | Learned a level 6 spell: Bolt of Fire
 39016 | Lair:8   | Entered Level 8 of the Lair of Beasts
 39445 | Lair:8   | Offered knowledge of Iron Shot by Vehumet.
 40815 | Lair:8   | Reached XP level 16. HP: 60/100 MP: 21/29
 40824 | Lair:8   | Offered knowledge of Lehudib's Crystal Spear by Vehumet.
 40824 | Lair:8   | Offered knowledge of Glaciate by Vehumet.
 40824 | Lair:8   | Offered knowledge of Chain Lightning by Vehumet.
 41924 | Lair:8   | Learned a level 8 spell: Lehudib's Crystal Spear
 42521 | Lair:8   | Reached skill level 10 in Conjurations
 43273 | D:12     | Killed Rupert
 43273 | D:12     | Reached skill level 17 in Earth Magic
 44436 | D:13     | Found a gate to the Vaults.
 45117 | D:14     | Reached skill level 10 in Spellcasting
 45234 | D:14     | Noticed kaze's ghost (journeyman GrBe)
 45816 | D:14     | Identified a scroll of acquirement
 45821 | D:14     | Identified Sif Muna's Guide on Conjuration and the Blaze (You acquired it on level 14 of the Dungeon)
 46489 | D:15     | Entered Level 15 of the Dungeon
 46784 | D:15     | Noticed Agnes
 46798 | D:15     | Slain by Agnes

Action                   |  1- 3 |  4- 6 |  7- 9 | 10-12 | 13-15 | 16-18 || total
-------------------------+-------+-------+-------+-------+-------+-------++-------
Melee: Unarmed           |     5 |       |       |       |       |       ||     5
       Dagger            |    17 |       |       |       |       |       ||    17
       Club              |    26 |     3 |       |       |       |       ||    29
       Whip              |       |   391 |    60 |       |       |       ||   451
       War axe           |       |       |     9 |       |       |       ||     9
       Dire flail        |       |       |   196 |   394 |   892 |   369 ||  1851
       Staff             |       |       |       |       |       |     7 ||     7
 Cast: Sandblast         |    40 |    52 |   118 |     8 |    21 |       ||   239
       Lee's Rapid Decon |       |       |     2 |    11 |   101 |    25 ||   139
       Passwall          |       |       |     3 |     5 |    11 |     5 ||    24
       Stone Arrow       |       |       |    40 |   334 |   766 |   212 ||  1352
       Stoneskin         |       |       |       |    35 |    66 |    17 ||   118
       Petrify           |       |       |       |       |     7 |       ||     7
       Bolt of Magma     |       |       |       |       |    35 |    39 ||    74
       Bolt of Fire      |       |       |       |       |     4 |       ||     4
 Abil: Fly               |       |       |       |       |     1 |       ||     1
Evoke: Sack of spiders   |       |       |       |     1 |       |       ||     1
       Wand              |       |       |       |       |    18 |     8 ||    26
  Use: Potion            |       |     3 |     2 |     1 |     1 |     1 ||     8
       Scroll            |       |       |    12 |     9 |    10 |     9 ||    40
 Stab: Sleeping          |       |     2 |       |     1 |     1 |       ||     4
       Distracted        |       |       |     1 |     1 |       |       ||     2
  Eat: Bread ration      |     1 |     1 |     2 |       |       |       ||     4
       Chunk             |       |     2 |    13 |    38 |    80 |    22 ||   155
       Royal jelly       |       |       |       |     3 |     2 |       ||     5
       Fruit             |       |       |       |     2 |     3 |     4 ||     9
       Pizza             |       |       |       |     1 |     3 |     2 ||     6
       Beef jerky        |       |       |       |       |     7 |       ||     7
       Meat ration       |       |       |       |       |       |     1 ||     1
